[Event "Titled Tuesday Blitz April 26 Early 2022"]
[White "Costachi, Mihnea"]
[Black "Koellner, Ruben Gideon"]
[WhiteFideId "1217518"]
[BlackFideId "12993093"]
[WhiteElo "2476"]
[BlackElo "2558"]
[Result "1/2-1/2"]
[Round "02"]
[TimeControl "180+1"]
[Date "2022.04.26"]
[WhiteClock "0:00:14"]
[BlackClock "0:00:02"]

1. d4 d6 2. e4 Nf6 3. Nc3 e5 4. Nf3 Nbd7 5. g4 d5 6. dxe5 Nxe4 7. Qxd5 Nxc3 8. bxc3 c6 9. Qd3 Qa5 10. Bf4 Nc5 11. Qe3 Bxg4 12. Bc4 Ne6 13. O-O Bc5 14. Nd4 Qa4 15. Bb3 Bxd4 16. Bxa4 Bxe3 17. Bxe3 O-O-O 18. Bxa7 Nf4 19. Be3 Ne2+ 20. Kg2 Nxc3 21. Bb3 Be6 22. f4 g6 23. Rf3 Bd5 24. Bxd5 Nxd5 25. Bd2 Ne7 26. Bc3 Rhe8 27. Rd3 Rxd3 28. cxd3 Kd7 29. Kf3 Ra8 30. a4 b6 31. Ke4 Ke6 32. a5 Nd5 33. Be1 bxa5 34. Rxa5 Rxa5 35. Bxa5 f5+ 36. exf6 Nxf6+ 37. Kd4 Nd7 38. Ke4 Nc5+ 39. Ke3 Kf5 40. Bc7 Nd7 41. h3 h6 42. Kd4 Ke6 43. Kc4 Kf5 44. Kd4 Ke6 45. Ba5 Nf6 46. Kc5 Nd5 47. Bd2 Ne7 48. f5+ Nxf5 49. Kxc6 g5 50. Bc3 h5 51. d4 Ne7+ 52. Kc5 Nd5 53. Bd2 g4 54. h4 g3 55. Be1 g2 56. Bf2 Nf4 57. d5+ Nxd5 58. Kd4 Nf6 59. Bg1 Kf5 60. Ke3 Kg4 61. Kf2 Kh3 62. Kf3 Nd5 63. Ke4 Ne7 64. Bf2 Ng6 65. Kf3 Nxh4+ 66. Kf4 1/2-1/2


[Site "https://www.chess.com"]

[Event "Titled Tuesday Blitz April 26 Early 2022"]
[White "Cramling Bellon, Anna"]
[Black "Dobre, Claudiu-Cristian"]
[WhiteFideId "32009232"]
[BlackFideId "1211854"]
[WhiteElo "1905"]
[BlackElo "2207"]
[Result "1-0"]
[Round "02"]
[TimeControl "180+1"]
[Date "2022.04.26"]
[WhiteClock "0:00:09"]
[BlackClock "0:00:02"]

1. d4 d5 2. c4 c6 3. Nf3 Nf6 4. Nc3 e6 5. e3 Nbd7 6. Bd3 dxc4 7. Bxc4 b5 8. Bd3 Bd6 9. e4 e5 10. d5 Nc5 11. dxc6 a6 12. Bg5 Be7 13. Bc2 Qa5 14. O-O O-O 15. Bxf6 Bxf6 16. Nd5 Bg4 17. b4 Qa3 18. bxc5 Qxc5 19. Rc1 Bg5 20. Rb1 Rfe8 21. Bb3 Qxc6 22. Qd3 Bxf3 23. Qxf3 Qg6 24. Nc7 Rac8 25. Nxe8 Rxe8 26. Rbd1 h5 27. h3 h4 28. Qg4 Re7 29. Rd8+ Kh7 30. Qf5 Qxf5 31. exf5 a5 32. Bc2 f6 33. g3 hxg3 34. fxg3 e4 35. Re1 e3 36. Kg2 a4 37. Kf3 Rc7 38. Be4 b4 39. Rb8 b3 40. axb3 axb3 41. Rxb3 Ra7 42. h4 Bh6 43. g4 Ra2 44. Re2 Ra1 45. g5 Rf1+ 46. Kg2 1-0


[Site "https://www.chess.com"]

[Event "Titled Tuesday Blitz April 26 Early 2022"]
[White "Danilenko, Dmitriy"]
[Black "Janaszak, Dawid"]
[WhiteFideId "14120844"]
[BlackFideId "1119206"]
[WhiteElo "2606"]
[BlackElo "2199"]
[Result "1-0"]
[Round "02"]
[TimeControl "180+1"]
[Date "2022.04.26"]
[WhiteClock "0:00:19"]
[BlackClock "0:00:02"]

1. e4 c5 2. Nc3 a6 3. Nf3 b5 4. a4 b4 5. Nd5 Bb7 6. d3 e6 7. Ne3 d5 8. exd5 exd5 9. Be2 Nf6 10. O-O Bd6 11. Nf5 O-O 12. d4 cxd4 13. Nxd6 Qxd6 14. Qxd4 Nc6 15. Qh4 Ne4 16. Bf4 Qg6 17. Bd3 f5 18. Rfe1 a5 19. Rad1 Rad8 20. Bb5 Qg4 21. Bc7 Rc8 22. Bb6 Qxh4 23. Nxh4 Rf6 24. Rxd5 Ne7 25. Rd7 Rxb6 26. Rxe7 Rxc2 27. Nxf5 g6 28. Nh6+ Kh8 29. Nf7+ Kg8 30. Nd8 Bd5 31. f3 Nd6 32. Rd7 Bb3 33. Ree7 Rc1+ 34. Kf2 Rc2+ 35. Ke1 Rc1+ 36. Kd2 Rc2+ 37. Kd3 Rc1 38. Rg7+ Kh8 39. Rxh7+ Kg8 40. Rdg7+ Kf8 41. Rc7 Rxc7 42. Rxc7 Nxb5 43. axb5 Rd6+ 44. Ke4 Rxd8 45. b6 a4 46. b7 a3 47. Rc8 Bd5+ 48. Ke5 Bxb7 49. Rxd8+ Ke7 50. Rb8 Bc6 51. bxa3 bxa3 52. Rb3 g5 53. Rxa3 g4 54. fxg4 1-0


[Site "https://www.chess.com"]

[Event "Titled Tuesday Blitz April 26 Early 2022"]
[White "Dauner, Benedikt"]
[Black "Oganian, Miran"]
[WhiteFideId "16225899"]
[BlackFideId "4122488"]
[WhiteElo "2532"]
[BlackElo "2824"]
[Result "0-1"]
[Round "02"]
[TimeControl "180+1"]
[Date "2022.04.26"]
[WhiteClock "0:00:01"]
[BlackClock "0:00:06"]

1. d4 d5 2. Nc3 e6 3. Bf4 Nf6 4. Nb5 Na6 5. e3 Be7 6. Nf3 c6 7. Nc3 Nh5 8. Be5 f6 9. Bg3 O-O 10. Be2 Nxg3 11. hxg3 c5 12. Bxa6 bxa6 13. dxc5 Bxc5 14. Qd3 g6 15. O-O-O Rb8 16. b3 Kg7 17. Rh4 Rb4 18. Rdh1 Rxh4 19. Rxh4 Bb7 20. Na4 Be7 21. Qd2 f5 22. Rh1 h5 23. Nd4 Qd6 24. f4 Bf6 25. Nb2 Rc8 26. Nd3 Bc6 27. Nf3 Bb5 28. Nde5 Qa3+ 29. Kb1 Be7 30. Qd4 Qc5 31. Qb2 Bf6 32. Re1 a5 33. Ng5 Qb6 34. a4 Be8 35. Qa3 Kg8 36. Rd1 Qc7 37. Qb2 Qd6 38. Rd2 Bxa4 39. Qa2 Be8 40. Qxa5 Rb8 41. Rd4 Bxe5 42. fxe5 Qxe5 43. Nf3 Qxe3 44. Qc7 Ra8 45. Qe7 Qh6 46. Qxe6+ Kh8 47. Qe5+ Qg7 48. Qxd5 Rc8 49. Qe5 Qxe5 50. Nxe5 Kg7 51. Nf3 Bc6 52. Rd6 Be4 53. Nd4 Rc3 54. Kb2 Rxg3 55. c4 Rxg2+ 56. Ka3 h4 57. c5 h3 58. Ne6+ Kh6 59. Nf4 h2 60. Rd1 Rg1 61. Rd8 Ra1+ 62. Kb4 Kg5 63. Rh8 h1=Q 0-1


[Site "https://www.chess.com"]

[Event "Titled Tuesday Blitz April 26 Early 2022"]
[White "De Arruda, Leandro Formes"]
[Black "Sihite, Chelsie Monica Ignesias"]
[WhiteFideId "22722009"]
[BlackFideId "7101198"]
[WhiteElo "1852"]
[BlackElo "2224"]
[Result "1-0"]
[Round "02"]
[TimeControl "180+1"]
[Date "2022.04.26"]
[WhiteClock "0:01:55"]
[BlackClock "0:02:52"]

1. d4 Nf6 2. e3 e6 3. Nf3 b6 4. Bd3 Bb7 5. Nbd2 Be7 6. O-O d5 7. b3 O-O 8. Bb2 Nbd7 9. Ne5 c5 10. f4 Rc8 11. c3 a6 12. Qf3 b5 13. g4 Qb6 14. g5 Nxe5 15. fxe5 Nd7 16. Qh5 g6 17. Qh6 Rfe8 18. Rxf7 Kxf7 19. Qxh7+ Kf8 20. Rf1+ Bf6 21. Bxg6 Re7 22. Qh8# 1-0


[Site "https://www.chess.com"]

[Event "Titled Tuesday Blitz April 26 Early 2022"]
[White "De Souza, Cristiano Gomes"]
[Black "Ianov, Viktor"]
[WhiteFideId "2151758"]
[BlackFideId "14102730"]
[WhiteElo "2068"]
[BlackElo "2161"]
[Result "0-1"]
[Round "02"]
[TimeControl "180+1"]
[Date "2022.04.26"]
[WhiteClock "0:00:55"]
[BlackClock "0:01:47"]

1. d4 d6 2. c4 g6 3. Nf3 Bg7 4. Nc3 Bg4 5. h3 Bxf3 6. exf3 e6 7. Be3 c6 8. Qd2 d5 9. cxd5 cxd5 10. Bb5+ Nd7 11. O-O Ne7 12. Rac1 O-O 13. Rc2 a6 14. Bd3 Nc6 15. Rfc1 Nxd4 16. Bxd4 Bxd4 17. Ne2 Bg7 18. Rc7 Rb8 19. b3 Be5 20. R7c2 Qe7 21. f4 Bd6 22. g3 Nc5 23. Kg2 b5 24. Nd4 Rb6 25. b4 Nxd3 26. Qxd3 Bxb4 27. Nc6 Qd6 28. Qb3 a5 29. Nxb4 axb4 30. Rb2 Ra8 31. Qxb4 Qxb4 32. Rxb4 Rxa2 33. Rc5 Ra5 34. Rc7 Ra4 35. Rxa4 bxa4 36. Ra7 Rb4 37. Kf3 h5 38. Ke3 Rb3+ 39. Ke2 a3 40. Kd2 h4 41. gxh4 Rxh3 42. Ke2 Rb3 43. Kf1 Kg7 44. Kg2 Kf6 45. Kh2 Rf3 46. Kg2 Rxf4 47. Rxa3 Rxh4 48. Kg3 Rc4 0-1


[Site "https://www.chess.com"]

[Event "Titled Tuesday Blitz April 26 Early 2022"]
[White "Demchenko, Anton"]
[Black "Tasev, Dejan"]
[WhiteFideId "4160258"]
[BlackFideId "936618"]
[WhiteElo "2539"]
[BlackElo "2253"]
[Result "1-0"]
[Round "02"]
[TimeControl "180+1"]
[Date "2022.04.26"]
[WhiteClock "0:00:21"]
[BlackClock "0:00:12"]

1. e4 c6 2. d4 d5 3. e5 Bf5 4. Bd3 Bxd3 5. Qxd3 e6 6. c3 Ne7 7. Ne2 Nd7 8. O-O c5 9. Nd2 Nc6 10. Nf3 h6 11. Nf4 Qb6 12. a3 g5 13. Ne2 g4 14. Ne1 h5 15. b4 cxd4 16. cxd4 a6 17. Be3 Na7 18. Nc3 Rc8 19. Rc1 Rc4 20. Qd2 Qc6 21. Nd3 Nb5 22. Nxb5 axb5 23. Nb2 Nb6 24. Nxc4 dxc4 25. Qe2 Nd5 26. a4 c3 27. axb5 Qb6 28. Qc4 Kd7 29. Rxc3 Nxc3 30. d5 Qxb5 31. dxe6+ fxe6 32. Qxc3 Bxb4 33. Rd1+ Ke7 34. Qc7+ Kf8 35. Rd8+ Qe8 36. Rxe8+ Kxe8 37. Qc8+ 1-0


[Site "https://www.chess.com"]

[Event "Titled Tuesday Blitz April 26 Early 2022"]
[White "Demin, Vladimir"]
[Black "Petrovskyi, Vadym"]
[WhiteFideId "4167457"]
[BlackFideId "14165210"]
[WhiteElo "2375"]
[BlackElo "2400"]
[Result "0-1"]
[Round "02"]
[TimeControl "180+1"]
[Date "2022.04.26"]
[WhiteClock "0:01:32"]
[BlackClock "0:02:29"]

1. e4 c5 2. Nf3 d6 3. d4 cxd4 4. Qxd4 Nc6 5. Bb5 Bd7 6. Bxc6 Bxc6 7. Nc3 Nf6 8. Bg5 e6 9. O-O-O Be7 10. Qd3 Qa5 11. Kb1 O-O 12. Bc1 d5 13. e5 Ne4 14. Be3 Bb4 15. Ne2 Bb5 0-1


[Site "https://www.chess.com"]

[Event "Titled Tuesday Blitz April 26 Early 2022"]
[White "Deviprasath, Sharvesh"]
[Black "Sovetbekova, Nurai"]
[WhiteFideId "30938228"]
[BlackFideId "13801910"]
[WhiteElo "2102"]
[BlackElo "1538"]
[Result "0-1"]
[Round "02"]
[TimeControl "180+1"]
[Date "2022.04.26"]
[WhiteClock "0:00:06"]
[BlackClock "0:00:08"]

1. Nf3 Nf6 2. c4 g6 3. Nc3 d5 4. cxd5 Nxd5 5. h4 Bg7 6. h5 Nxc3 7. bxc3 c5 8. h6 Bf6 9. e4 Nc6 10. Bb5 Bg4 11. Ba3 Qb6 12. Rb1 a6 13. Ba4 Qc7 14. Bxc5 b5 15. Bb3 Ne5 16. Be3 Nd3+ 17. Kf1 O-O 18. Qc2 Bxf3 19. Qxd3 Rad8 20. Bd4 Bh5 21. Qe3 Bxd4 22. cxd4 Qd6 23. d5 Rc8 24. f3 Qf6 25. Kg1 Qe5 26. d4 Qg3 27. Rh3 Qc7 28. g4 Bxg4 29. fxg4 Qd7 30. g5 b4 31. Rg3 Rc3 32. Qf4 Rfc8 33. Rxc3 Rxc3 34. Rf1 f6 35. gxf6 exf6 36. Qxf6 Qg4+ 37. Kf2 Qg3+ 38. Ke2 Qe3+ 39. Kd1 Rd3+ 40. Kc2 Rd2+ 41. Kb1 Qd3+ 42. Kc1 Qc3+ 43. Kb1 Qb2# 0-1


[Site "https://www.chess.com"]

[Event "Titled Tuesday Blitz April 26 Early 2022"]
[White "Di Nicolantonio, Lucas"]
[Black "Rottenwohrer Suarez, Juan"]
[WhiteFideId "680460"]
[BlackFideId "32068182"]
[WhiteElo "2381"]
[BlackElo "2158"]
[Result "1-0"]
[Round "02"]
[TimeControl "180+1"]
[Date "2022.04.26"]
[WhiteClock "0:00:13"]
[BlackClock "0:00:01"]

1. c4 Nf6 2. Nc3 g6 3. Nf3 Bg7 4. g3 b6 5. Bg2 Bb7 6. O-O O-O 7. d4 Ne4 8. Nxe4 Bxe4 9. Be3 d6 10. Qd2 Nd7 11. d5 c6 12. Nd4 cxd5 13. Nc6 Qe8 14. cxd5 Bxg2 15. Kxg2 Ne5 16. Rac1 Rc8 17. Nxa7 Ra8 18. Bxb6 Qb8 19. Qa5 Nd7 20. Be3 Qxb2 21. Rc7 Nc5 22. Qb5 Qxa2 23. Nc6 Qxd5+ 24. f3 Bf6 25. Bd4 Qb3 26. Bxf6 exf6 27. Ne7+ Kg7 28. Qc6 Qe6 29. Rf2 Ra2 30. Qb5 Rd8 31. Nc6 Rda8 32. Nd4 Qd5 33. Nb3 1-0


[Site "https://www.chess.com"]

[Event "Titled Tuesday Blitz April 26 Early 2022"]
[White "Dixit, Nikhil"]
[Black "Oparin, Grigoriy"]
[WhiteFideId "5059534"]
[BlackFideId "24125890"]
[WhiteElo "2223"]
[BlackElo "2665"]
[Result "0-1"]
[Round "02"]
[TimeControl "180+1"]
[Date "2022.04.26"]
[WhiteClock "0:00:29"]
[BlackClock "0:00:46"]

1. e4 c6 2. Nc3 d5 3. Nf3 dxe4 4. Nxe4 Nf6 5. Qe2 Nxe4 6. Qxe4 Nd7 7. Bc4 Nf6 8. Ne5 e6 9. Qe2 Qc7 10. b3 b5 11. Bd3 Nd5 12. Bb2 Nf4 13. Qe4 Nxd3+ 14. Nxd3 Bb7 15. Qe5 Qxe5+ 16. Nxe5 f6 17. Ng4 c5 18. Ne3 Kf7 19. a4 a6 20. axb5 axb5 21. Rxa8 Bxa8 22. Ke2 Bd6 23. h4 Bc6 24. Ra1 Ra8 25. Rxa8 Bxa8 26. g3 e5 27. Bc3 Ke6 28. d3 h5 29. Bd2 Be7 30. Nf1 g5 31. f3 Bc6 32. Be1 g4 33. fxg4 hxg4 34. Bf2 f5 35. Nd2 f4 36. Ne4 c4 37. bxc4 bxc4 38. Nc5+ Kf5 39. dxc4 fxg3 40. Bg1 Bxh4 41. Nd3 g2 42. c5 Bf3+ 43. Ke3 Bg5+ 44. Kf2 e4 45. Ne1 Bh4+ 46. Ke3 Bxe1 0-1


[Site "https://www.chess.com"]

[Event "Titled Tuesday Blitz April 26 Early 2022"]
[White "Drygalov, Sergey"]
[Black "Ambartsumova, Karina"]
[WhiteFideId "24171743"]
[BlackFideId "4166299"]
[WhiteElo "2514"]
[BlackElo "2262"]
[Result "1-0"]
[Round "02"]
[TimeControl "180+1"]
[Date "2022.04.26"]
[WhiteClock "0:00:34"]
[BlackClock "0:00:05"]

1. d4 Nf6 2. c4 g6 3. Nc3 Bg7 4. e4 O-O 5. Nf3 d6 6. Be2 e5 7. O-O Nc6 8. d5 Ne7 9. b4 a5 10. bxa5 Rxa5 11. a4 Nd7 12. Nd2 Nc5 13. Ba3 b6 14. Bb4 Ra8 15. a5 Bd7 16. axb6 cxb6 17. Nb5 Bxb5 18. cxb5 f5 19. Bxc5 bxc5 20. Bf3 Qd7 21. b6 Rfb8 22. Nc4 Nc8 23. Rxa8 Rxa8 24. Qb3 Rb8 25. Rb1 Rb7 26. h3 Bf6 27. exf5 gxf5 28. Bh5 Bd8 29. Qg3+ Qg7 30. Qf3 Qg5 31. Be8 Bxb6 32. Bc6 Rb8 33. Bd7 Ne7 34. Rxb6 Rxb6 35. Nxb6 c4 36. Qg3 Qxg3 37. fxg3 c3 38. Ba4 Kg7 39. Bb3 Kf6 40. Kf2 e4 41. Nd7+ Kg5 42. Ke3 h5 43. h4+ Kg4 44. Kf2 Nxd5 45. Bd1# 1-0


[Site "https://www.chess.com"]

[Event "Titled Tuesday Blitz April 26 Early 2022"]
[White "Dubov, Daniil"]
[Black "Szpar, Milosz"]
[WhiteFideId "24126055"]
[BlackFideId "1184989"]
[WhiteElo "2791"]
[BlackElo "2447"]
[Result "1-0"]
[Round "02"]
[TimeControl "180+1"]
[Date "2022.04.26"]
[WhiteClock "0:01:42"]
[BlackClock "0:02:25"]

1. d4 Nf6 2. Nf3 e6 3. c4 c5 4. d5 d6 5. Nc3 exd5 6. cxd5 g6 7. Nd2 Bg7 8. e4 O-O 9. Be2 Na6 10. O-O Nc7 11. a4 b6 12. h3 a6 13. Nc4 Rb8 14. Bf4 Nfe8 15. e5 dxe5 16. Nxe5 Bb7 17. Bf3 Qf6 18. Qd2 Rd8 19. Bg5 Qxe5 20. Bxd8 Nf6 21. Rfe1 1-0


[Site "https://www.chess.com"]

[Event "Titled Tuesday Blitz April 26 Early 2022"]
[White "Estrada Nieto, Julian"]
[Black "Winkels, Marcel"]
[WhiteFideId "5101018"]
[BlackFideId "1003887"]
[WhiteElo "2252"]
[BlackElo "1900"]
[Result "1-0"]
[Round "02"]
[TimeControl "180+1"]
[Date "2022.04.26"]
[WhiteClock "0:01:02"]
[BlackClock "0:00:18"]

1. e4 c5 2. Nf3 d6 3. d4 cxd4 4. Qxd4 Nf6 5. Nc3 Nc6 6. Bb5 Bd7 7. Bxc6 Bxc6 8. Bg5 e6 9. O-O-O Be7 10. Rhe1 O-O 11. Kb1 Qa5 12. Qd2 Kh8 13. Nd4 Rfc8 14. f3 a6 15. h4 b5 16. g4 Bb7 17. Be3 Rc4 18. g5 Nd7 19. h5 Rac8 20. Nce2 Qxd2 21. Rxd2 d5 22. exd5 exd5 23. Nf5 Bf8 24. Bd4 Kg8 25. Neg3 f6 26. Ne7+ Bxe7 27. Rxe7 Nc5 28. gxf6 gxf6 29. Nf5 Rxd4 30. Rxd4 Na4 31. Rg4+ Kh8 32. Rgg7 1-0


[Site "https://www.chess.com"]

[Event "Titled Tuesday Blitz April 26 Early 2022"]
[White "Fajdetic, Hrvoje"]
[Black "Lucas, Arthur"]
[WhiteFideId "14501945"]
[BlackFideId "26093073"]
[WhiteElo "2172"]
[BlackElo "2129"]
[Result "0-1"]
[Round "02"]
[TimeControl "180+1"]
[Date "2022.04.26"]
[WhiteClock "0:00:02"]
[BlackClock "0:01:11"]

1. d4 g6 2. e4 Bg7 3. Nc3 a6 4. Be3 b5 5. Qd2 d6 6. h4 h6 7. h5 g5 8. f4 gxf4 9. Bxf4 Nd7 10. Nf3 c5 11. d5 Ngf6 12. O-O-O b4 13. Nb1 Nxe4 14. Qe3 Ndf6 15. Bd3 Bf5 16. g4 Nxg4 17. Qg1 Rg8 18. Nh4 Ngf2 19. Nxf5 Bxb2+ 20. Kxb2 Rxg1 21. Rhxg1 Nxd1+ 22. Kc1 Kd7 23. Bxe4 Nc3 24. Nxc3 bxc3 25. Nxh6 Qa5 26. Nxf7 Qxa2 27. Kd1 Rf8 28. Bf5+ Kc7 29. Be6 Qa4 30. Be3 Qe4 31. Rg3 Qh1+ 32. Ke2 Qxh5+ 33. Kd3 Rxf7 34. Bxf7 Qxf7 35. Kxc3 Qxd5 36. Rh3 Kc6 37. Kb2 Qc4 38. Rh7 Qb4+ 39. Ka2 Qa4+ 40. Kb2 Qb5+ 41. Kc1 Qe2 42. Bd2 Qf1+ 43. Kb2 a5 44. Rxe7 Qf6+ 0-1


[Site "https://www.chess.com"]

[Event "Titled Tuesday Blitz April 26 Early 2022"]
[White "Federzoni, Enzo"]
[Black "Tatarinov, Dmitry"]
[WhiteFideId "2173301"]
[BlackFideId "24160067"]
[WhiteElo "1956"]
[BlackElo "2302"]
[Result "0-1"]
[Round "02"]
[TimeControl "180+1"]
[Date "2022.04.26"]
[WhiteClock "0:01:02"]
[BlackClock "0:02:02"]

1. c4 Nf6 2. Nc3 e6 3. e4 c5 4. g3 Nc6 5. Bg2 d6 6. Nge2 Be7 7. d4 cxd4 8. Nxd4 Kf8 9. O-O a6 10. Nxc6 bxc6 11. e5 dxe5 12. Qxd8+ Bxd8 13. Bxc6 Rb8 14. Rd1 Bb6 15. c5 Bc7 16. Bg5 h6 17. Bxf6 gxf6 18. b3 f5 19. Rd3 h5 20. Rad1 e4 21. Re3 h4 22. Ne2 Ke7 23. Nf4 Bxf4 24. gxf4 Rg8+ 25. Kf1 Rg4 26. Ke2 Rxf4 27. Rg1 a5 28. Rg8 Ba6+ 0-1


[Site "https://www.chess.com"]

[Event "Titled Tuesday Blitz April 26 Early 2022"]
[White "Fedoseev, Vladimir"]
[Black "Tanenbaum, Zachary"]
[WhiteFideId "24130737"]
[BlackFideId "2060850"]
[WhiteElo "2726"]
[BlackElo "2168"]
[Result "1-0"]
[Round "02"]
[TimeControl "180+1"]
[Date "2022.04.26"]
[WhiteClock "0:00:14"]
[BlackClock "0:00:06"]

1. d4 d5 2. Nf3 Nf6 3. Bf4 c5 4. e3 Nc6 5. c3 Qb6 6. Qc1 Bf5 7. Nbd2 e6 8. Be2 Be7 9. Nb3 Ne4 10. O-O Rc8 11. dxc5 Nxc5 12. Nxc5 Bxc5 13. Qd2 O-O 14. Rfd1 h6 15. Rac1 Rfd8 16. b4 Be7 17. a3 Bf6 18. Nd4 Bg6 19. Bg3 e5 20. Nb3 a5 21. Bg4 Ra8 22. Nc5 Qc7 23. Qe2 b6 24. Na6 Qb7 25. b5 Ne7 26. c4 dxc4 27. Qxc4 Be4 28. Nc7 Rab8 29. Na6 Ra8 30. f3 Bd5 31. Qc7 Qxc7 32. Nxc7 Rab8 33. Na6 Ra8 34. Nc7 Rab8 35. Rc3 Bb7 36. Rdc1 Nd5 37. Nxd5 Bxd5 38. e4 Bb7 39. h4 g6 40. Bf2 h5 41. Bh3 Ba8 42. a4 Be7 43. Rc8 Rdxc8 44. Rxc8+ Rxc8 45. Bxc8 Bd8 46. g3 Kf8 47. Be3 Ke7 48. Kf2 Kd6 49. Ke2 Kc7 50. Bh3 Bb7 51. Kd3 Kd6 52. Kc4 Bc7 53. Bh6 Ke7 54. Bg5+ f6 55. Be3 Kd6 56. Kd3 Bd8 57. Bc1 Kc7 58. Ba3 Ba8 59. Be6 Bb7 60. Bf7 g5 61. Bxh5 gxh4 62. gxh4 f5 63. exf5 Bxh4 64. Bb2 Bf6 65. Ke2 Kd6 66. Ba3+ Kd5 67. Bf7+ Kd4 68. Bc1 Kc3 69. Be3 Kb4 70. Bxb6 Kxa4 71. Be8 Kb4 72. Bc6 Bc8 73. Be3 Bxf5 74. b6 Bd8 75. b7 Bc7 76. Ba7 a4 77. b8=Q+ Bxb8 78. Bxb8 Kc5 79. Bxa4 Kd5 80. Bb3+ Kd4 81. Ba7+ Kc3 82. Bd5 Kb4 83. Ke3 Kb5 84. Bb8 Kc5 85. Be4 Be6 86. Bxe5 Kb6 87. f4 Ka7 88. Bd4+ Kb8 89. Kf3 Kc7 90. Kg3 Bf7 91. Kh4 Kd7 92. Kg5 Ke7 93. Bc5+ Ke6 94. Bc2 1-0


[Site "https://www.chess.com"]

[Event "Titled Tuesday Blitz April 26 Early 2022"]
[White "Fernandez, Daniel Howard"]
[Black "Lewicki, Miroslaw"]
[WhiteFideId "5801605"]
[BlackFideId "1113380"]
[WhiteElo "2831"]
[BlackElo "2532"]
[Result "1-0"]
[Round "02"]
[TimeControl "180+1"]
[Date "2022.04.26"]
[WhiteClock "0:01:02"]
[BlackClock "0:00:21"]

1. e4 c5 2. Nf3 d6 3. d4 cxd4 4. Nxd4 Nf6 5. Nc3 a6 6. h3 b5 7. g4 Bb7 8. Bg2 e6 9. O-O b4 10. Nd5 exd5 11. exd5 Be7 12. Nc6 Bxc6 13. dxc6 d5 14. g5 Ne4 15. c7 Qxc7 16. Qxd5 Nxg5 17. Bxg5 Ra7 18. Bxe7 Kxe7 19. Rfe1+ Kf8 20. Rad1 g6 21. Qd4 Rg8 22. Qf6 Nd7 23. Rxd7 Qxd7 24. Bc6 Qd6 25. Qxd6+ 1-0


[Site "https://www.chess.com"]

[Event "Titled Tuesday Blitz April 26 Early 2022"]
[White "Fernandez Siles, Luis"]
[Black "Asavasaetakul, Chawit"]
[WhiteFideId "2209420"]
[BlackFideId "6204856"]
[WhiteElo "2212"]
[BlackElo "1697"]
[Result "0-1"]
[Round "02"]
[TimeControl "180+1"]
[Date "2022.04.26"]
[WhiteClock "0:00:09"]
[BlackClock "0:00:29"]

1. d4 d5 2. c4 c6 3. Nc3 dxc4 4. e4 b5 5. Nf3 Nf6 6. e5 Nd5 7. Ne4 e6 8. Be2 Nd7 9. O-O Bb7 10. Nfg5 h6 11. Nh3 c5 12. Be3 Nxe3 13. fxe3 Bxe4 14. Bf3 Bd3 15. Bxa8 Bxf1 16. Bc6 Bd3 17. d5 exd5 18. e6 fxe6 19. Nf4 Qg5 20. Bxb5 Bd6 21. Qa4 Qe7 22. Qxa7 Bxf4 23. exf4 Rf8 24. Re1 Qd6 25. g3 Ke7 26. a4 Rd8 27. Qa5 Nf6 28. Qd2 Ne4 29. Qe3 Kf8 30. Qf3 Qb6 31. Qh5 c3 32. bxc3 c4+ 33. Kg2 Qf2+ 34. Kh3 Qxe1 35. Qh4 Nf2+ 36. Kg2 Qf1+ 37. Kf3 Ne4+ 38. Ke3 Qf2# 0-1


[Site "https://www.chess.com"]

[Event "Titled Tuesday Blitz April 26 Early 2022"]
[White "Fiorito, Fabian"]
[Black "Redor, Menandro"]
[WhiteFideId "100200"]
[BlackFideId "5222010"]
[WhiteElo "2395"]
[BlackElo "1986"]
[Result "1-0"]
[Round "02"]
[TimeControl "180+1"]
[Date "2022.04.26"]
[WhiteClock "0:00:36"]
[BlackClock "0:00:08"]

1. d4 c5 2. d5 d6 3. Nc3 g6 4. e4 Bg7 5. Nf3 e6 6. Bb5+ Bd7 7. Bxd7+ Qxd7 8. O-O e5 9. a4 Ne7 10. h3 O-O 11. Re1 Na6 12. Qe2 f5 13. Ng5 Nc7 14. exf5 Rxf5 15. Qd3 Raf8 16. Nge4 a6 17. a5 Nb5 18. Bg5 Nxc3 19. bxc3 h6 20. Bxe7 Qxe7 21. c4 Kh7 22. Rab1 R8f7 23. Rb3 Qh4 24. Qg3 Qd8 25. Reb1 Qxa5 26. Nxd6 Rxf2 27. Nxf7 Rxf7 28. Rxb7 Rf5 29. h4 Qd2 30. R1b6 Qd4+ 31. Kh2 g5 32. h5 Rf4 33. Qd3+ Qxd3 34. cxd3 Rh4+ 35. Kg1 Rxh5 36. Re6 g4 37. Ree7 Rg5 38. d6 Kg6 39. Rxg7+ 1-0


[Site "https://www.chess.com"]

[Event "Titled Tuesday Blitz April 26 Early 2022"]
[White "Gatterer, Florian"]
[Black "Ferreira, Vitor Hugo Vieira"]
[WhiteFideId "811688"]
[BlackFideId "2119765"]
[WhiteElo "2218"]
[BlackElo "2165"]
[Result "0-1"]
[Round "02"]
[TimeControl "180+1"]
[Date "2022.04.26"]
[WhiteClock "0:00:02"]
[BlackClock "0:01:12"]

1. f4 c5 2. Nf3 d5 3. g3 Nc6 4. Bg2 g6 5. O-O Bg7 6. d3 Nh6 7. Qe1 Nf5 8. c3 d4 9. Na3 O-O 10. Nc4 Be6 11. Nce5 Nxe5 12. Nxe5 Bd5 13. e4 dxe3 14. Bxe3 Bxg2 15. Kxg2 Qd5+ 16. Kg1 Bxe5 17. fxe5 Qxe5 18. Bf4 Qxe1 19. Rfxe1 Rfe8 20. a4 f6 21. g4 Ng7 22. a5 e5 23. Be3 Ne6 24. Kf2 Rad8 25. Red1 Kf7 26. Ra4 Rd5 27. Ke2 Nd4+ 28. Kd2 Nc6 29. Ke2 Red8 30. c4 Nd4+ 31. Kf2 R5d7 32. Ra3 b6 33. a6 f5 34. Bxd4 Rxd4 35. gxf5 gxf5 36. b4 cxb4 37. Rb3 Rxc4 38. dxc4 Rxd1 39. Rxb4 Rd4 40. Ke3 f4+ 41. Kf3 Ke7 42. Rb5 Kd6 43. c5+ bxc5 44. Rb7 Rd3+ 45. Ke2 e4 46. Rxa7 f3+ 47. Ke1 e3 48. Ra8 f2+ 49. Ke2 Rd2+ 50. Kxe3 f1=Q 51. Rd8+ Kc7 0-1


[Site "https://www.chess.com"]

[Event "Titled Tuesday Blitz April 26 Early 2022"]
[White "Grandelius, Nils"]
[Black "Cunha, Lucas Aguiar"]
[WhiteFideId "1710400"]
[BlackFideId "2125404"]
[WhiteElo "2617"]
[BlackElo "2361"]
[Result "1-0"]
[Round "02"]
[TimeControl "180+1"]
[Date "2022.04.26"]
[WhiteClock "0:00:39"]
[BlackClock "0:01:18"]

1. d4 Nf6 2. Nf3 c5 3. e3 b6 4. c4 Bb7 5. d5 e6 6. Nc3 exd5 7. cxd5 g6 8. e4 Bg7 9. Bd3 O-O 10. O-O d6 11. h3 Na6 12. Bf4 Qe7 13. Re1 Nb4 14. Bc4 a6 15. a3 b5 16. Bf1 Nh5 17. Bg5 Qc7 18. axb4 cxb4 19. Na2 a5 20. Qd2 Qd7 21. Nd4 Rfc8 22. Bxb5 Qc7 23. Nc6 Re8 24. Rac1 Qb6 25. Ba4 f6 26. Be3 Qa6 27. Bd4 g5 28. g3 Bc8 29. Qd1 1-0


[Site "https://www.chess.com"]

[Event "Titled Tuesday Blitz April 26 Early 2022"]
[White "Gschnitzer, Adrian"]
[Black "Donchenko, Alexander"]
[WhiteFideId "1270337"]
[BlackFideId "24603295"]
[WhiteElo "2294"]
[BlackElo "2539"]
[Result "0-1"]
[Round "02"]
[TimeControl "180+1"]
[Date "2022.04.26"]
[WhiteClock "0:00:33"]
[BlackClock "0:02:14"]

1. e4 c6 2. d4 d5 3. e5 Bf5 4. Nf3 e6 5. Be2 Nd7 6. O-O h6 7. Nbd2 Ne7 8. a4 a5 9. Nb3 Nc8 10. Ne1 Be7 11. Bd3 Bxd3 12. Nxd3 b6 13. Be3 Qc7 14. Rc1 b5 15. axb5 cxb5 16. Nbc5 Bxc5 17. Nxc5 Nxc5 18. dxc5 Ne7 19. f4 O-O 20. Qd3 b4 21. b3 Rfd8 22. c3 bxc3 23. Qxc3 Nf5 24. Bf2 d4 25. Qd3 h5 26. Rc4 Rab8 27. Rfc1 Qc6 28. Bxd4 Rb4 29. Rxb4 axb4 30. Rc4 Rxd4 31. Rxd4 Qxc5 0-1


[Site "https://www.chess.com"]